 Dungeon Sprint DCSS version 0.17-a0-1951-g62301d3 (webtiles) character file.

10924 Kidiri the Unseen (level 11, -1/47 HPs)
             Began as a Spriggan Enchanter on Oct 2, 2015.
             Was the Champion of Dithmenos.
             Slain by an anaconda (4 damage)
             ... in the Dungeon (Sprint III: "The Ten Rune Challenge").
             The game lasted 00:19:36 (2272 turns).

Kidiri the Unseen (Spriggan Enchanter)              Turns: 2272, Time: 00:19:36

Health: -1/47      AC:  4    Str:  4    XL:     11   Next: 42%
Magic:  24/29      EV: 29    Int: 19    God:    Dithmenos [******]
Gold:   40         SH:  0    Dex: 18    Spells: 9 memorised, 5 levels left

rFire  . . .     SeeInvis +     a - +1 dagger
rCold  . . .     Clarity  .     b - +1 robe
rNeg   . . .     SustAt   .     (shield restricted)
rPois  .         Gourm    .     (helmet restricted)
rElec  .         Spirit   .     k - +0 cloak
rCorr  .         Warding  .     (gloves unavailable)
rMut   .         NoTele   +     (boots unavailable)
MR     +....                    (no amulet)
Stlth  ++++++++..               (no ring)
                                (no ring)

@: wreathed by umbra, constricted, very quick, somewhat resistant to hostile
enchantments, extraordinarily stealthy
A: unfitting armour, see invisible, herbivore 3, speed 3, slow metabolism 2
a: Shadow Step, Shadow Form, Renounce Religion


You were in the Dungeon.
You worshipped Dithmenos.
Dithmenos was exalted by your worship.
You were not hungry.

You visited 1 branch You collected 40 gold pieces.

Inventory:

Hand weapons
 a - a +1 dagger (weapon)
Missiles
 n - 12 throwing nets (quivered)
Armour
 b - a +1 robe (worn)
 k - a +0 cloak (worn)
Magical devices
 l - a wand of teleportation (1)
Scrolls
 o - 3 scrolls of remove curse
 p - a scroll of torment {unknown}
Potions
 e - a potion of curing
 g - a potion of haste
 h - 2 potions of magic
 i - 2 potions of berserk rage
 m - 2 potions of cancellation {unknown}
 s - a potion of flight
Books
 r - a book of Clouds

   Spells                             Type                      Level
   a - Mephitic Cloud                 Conjuration/Poison/Air       3
   b - Conjure Flame                  Conjuration/Fire             3
   c - Poisonous Cloud                Conjuration/Poison/Air       6
   d - Freezing Cloud                 Conjuration/Ice/Air          6
   e - Ring of Flames                 Charms/Fire                  7
Comestibles
 c - 30 royal jellies
 d - a bread ration
 q - 11 fruits


   Skills:
 * Level 12.5 Short Blades
 + Level 6.2 Armour
 * Level 16.2 Dodging
 * Level 17.3 Stealth
 * Level 13.6 Spellcasting
 + Level 5.9 Conjurations
 + Level 10.7 Hexes
 + Level 7.0 Ice Magic
 + Level 2.9 Air Magic
 + Level 3.1 Poison Magic
 - Level 2.6 Invocations


You had 5 spell levels left.
You knew the following spells:

 Your Spells              Type           Power        Failure   Level  Hunger
a - Corona                Hex            ######.      1%          1    None
b - Ensorcelled Hibernat  Hex/Ice        #####.       1%          2    None
c - Confuse               Hex            ######..     1%          3    None
d - Tukima's Dance        Hex            ######..     1%          3    None
e - Dazzling Spray        Conj/Hex       #####...     1%          3    None
f - Metabolic Englaciati  Hex/Ice        #####.....   4%          5    ####...
g - Bolt of Cold          Conj/Ice       #####.....   67%         6    #####..
h - Ozocubu's Refrigerat  Ice            #####.....   54%         6    #####..
i - Mephitic Cloud        Conj/Pois/Air  ####....     3%          3    None


Dungeon Overview and Level Annotations

Branches:
Dungeon (1/1)

Altars:
Cheibriados
Dithmenos
Elyvilon
Fedhas
Gozag
Kikubaaqudgha
Makhleb
Nemelex Xobeh
Okawaru
Qazlal
Ru
Sif Muna
Trog
Vehumet
Xom
Yredelemnul
Zin
The Shining One
Jiyva
Lugonu


Innate Abilities, Weirdness & Mutations

You are tiny and cannot use many weapons and most armour.
You have supernaturally acute eyesight.
You are a herbivore.
You cover ground extremely quickly.
You need consume almost no food.


Message History

Unknown command.
Unknown command.
You escape the anaconda's grasp.
You enter the shallow water.
Moving in this stuff is going to be slow.
Unknown command.
There is an open door here.
Unknown command.
You enter the shallow water.
Moving in this stuff is going to be slow.
The anaconda misses you. The anaconda completely misses you.
The anaconda grabs you. The anaconda misses you.
* * * LOW HITPOINT WARNING * * *
The anaconda constricts you.
Unknown command.
Drink which item? (? for menu, Esc to quit)
You feel better. The anaconda barely misses you. The anaconda constricts you.
The anaconda bites you!
* * * LOW HITPOINT WARNING * * *
You emit a cloud of dark smoke.
You die...

≈≈♣♣...'.⌠........#
≈≈≈≈♣..#...######'#
≈≈≈....#.⌠.#__#...#+#############
≈≈.....#...#__#...#....#)#)#)....
....%..#+###__#...##.#.)#.##.###.
.......#.):#__#...'##.#.#.##.#).#
.......#___#_.+...#...#..#..##.)'
▓▓▓▓▓▓▓▓▓▓▓▓▓▓▓▓▓▓▓▓▓▓▓▓▓▓▓▓▓▓▓▓#
♣♣S@§........≈≈≈...#
+♣♣§♣§§§≈≈≈≈≈≈≈≈≈♣♣P.'
#§§♣♣♣♣♣♣♣♣♣♣♣♣♣♣♣♣PP# #§§♣♣ ♣♣♣#
###§♣♣♣♣♣♣♣♣♣♣♣♣♣♣♣
♣♣♣♣.##S§##≈≈≈≈≈≈..#
♣...##§##§#≈≈≈≈≈...#
♣♣.##S##§##'≈≈≈≈≈####+#
♣..#.##S.S#≈≈%....§§.#


You could see an anaconda.

Vanquished Creatures
  Maud (D)
  2 hydras (D)
  Erolcha (D)
  A spriggan druid (D)
  A death drake (D)
  A lindwurm (D)
  A black mamba (D)
  2 spiny frogs (D)
  A komodo dragon (D)
  A deep elf priest (D)
  3 wandering mushrooms (D)
  A queen bee (D)
  A shadow (D)
  2 spriggans (D)
  4 redbacks (D)
  2 trapdoor spiders (D)
  2 hill giants (D)
  A spatial vortex (D)
  A necrophage (D)
  3 two-headed ogres (D)
  2 brain worms (D)
  A water elemental (D)
  32 killer bees (D)
  An electric eel (D)
  A jelly (D)
  Crazy Yiuf (D)
  Jessica (D)
  A necromancer (D)
  A wizard (D)
  3 humans (D)
  A kobold demonologist (D)
  An adder (D)
  2 oozes (D)
  A rat (D)
81 creatures vanquished.

Vanquished Creatures (others)
  2 draconian scorchers (D)
  2 yaktaurs (D)
  2 plants (D)
6 creatures vanquished.

Grand Total: 87 creatures vanquished

Notes
Turn   | Place    | Note
--------------------------------------------------------------
     0 | D        | Kidiri the Spriggan Enchanter began the quest for the Orb.
     0 | D        | Reached XP level 1. HP: 9/9 MP: 5/5
     4 | D        | Reached skill level 5 in Stealth
     7 | D        | Reached XP level 2. HP: 13/13 MP: 5/7
    11 | D        | Learned a level 2 spell: Ensorcelled Hibernation
    77 | D        | Killed a yaktaur
   131 | D        | Noticed Jessica
   139 | D        | Killed Jessica
   139 | D        | Reached skill level 1 in Armour
   139 | D        | Reached skill level 5 in Dodging
   139 | D        | Reached skill level 6 in Stealth
   139 | D        | Reached XP level 3. HP: 16/16 MP: 5/9
   152 | D        | Learned a level 3 spell: Confuse
   156 | D        | Learned a level 3 spell: Tukima's Dance
   157 | D        | Killed a white draconian scorcher
   167 | D        | Killed a white draconian scorcher
   199 | D        | Reached skill level 1 in Ice Magic
   288 | D        | Noticed Crazy Yiuf
   315 | D        | Killed Crazy Yiuf
   315 | D        | Reached skill level 7 in Stealth
   315 | D        | Reached XP level 4. HP: 21/21 MP: 1/11
   328 | D        | Learned a level 3 spell: Dazzling Spray
   378 | D        | Gained mutation: You have a pair of small antennae on your head. [potion of mutation]
   378 | D        | Gained mutation: You are partially covered in rough black scales (AC +4, Dex -1). [potion of mutation]
   378 | D        | Gained mutation: Your magical capacity is low (-10% MP). [potion of mutation]
   379 | D        | Gained mutation: You are frail (-10% HP). [potion of mutation]
   380 | D        | Lost mutation: Your magical capacity is low (-10% MP). [potion of cure mutation]
   380 | D        | Lost mutation: You are partially covered in rough black scales (AC +4, Dex -1). [potion of cure mutation]
   380 | D        | Lost mutation: You have a pair of small antennae on your head. [potion of cure mutation]
   380 | D        | Lost mutation: You are frail (-10% HP). [potion of cure mutation]
   450 | D        | Noticed a water elemental
   453 | D        | Killed a water elemental
   453 | D        | Reached skill level 5 in Spellcasting
   453 | D        | Reached skill level 5 in Hexes
   453 | D        | Reached XP level 5. HP: 24/24 MP: 12/14
   463 | D        | Noticed a jelly
   464 | D        | Noticed a shadow
   466 | D        | Killed a shadow
   466 | D        | Reached skill level 8 in Dodging
   466 | D        | Reached skill level 9 in Stealth
   466 | D        | Reached skill level 1 in Conjurations
   466 | D        | Reached XP level 6. HP: 28/28 MP: 14/17
   470 | D        | Killed a jelly
   487 | D        | Found a stormy altar of Qazlal.
   488 | D        | Found a sacrificial altar of Ru.
   488 | D        | Found a burning altar of Makhleb.
   488 | D        | Found a viscous altar of Jiyva.
   488 | D        | Found a shimmering altar of Xom.
   488 | D        | Found a shadowy altar of Dithmenos.
   488 | D        | Found a sparkling altar of Nemelex Xobeh.
   488 | D        | Found a corrupted altar of Lugonu.
   488 | D        | Found an opulent altar of Gozag.
   488 | D        | Noticed a spatial vortex
   492 | D        | Became a worshipper of Dithmenos the Shadowed
   501 | D        | Killed a spatial vortex
   501 | D        | Reached skill level 10 in Stealth
   501 | D        | Reached skill level 1 in Invocations
   695 | D        | Found a radiant altar of Vehumet.
   696 | D        | Found a deep blue altar of Sif Muna.
   696 | D        | Found an ancient bone altar of Kikubaaqudgha.
   696 | D        | Noticed a wizard
   697 | D        | Killed a wizard
   717 | D        | Learned a level 5 spell: Metabolic Englaciation
   723 | D        | Found a glowing silver altar of Zin.
   724 | D        | Found a glowing golden altar of the Shining One.
   724 | D        | Found a white marble altar of Elyvilon.
   724 | D        | Noticed a deep elf priest
   727 | D        | Killed a deep elf priest
   727 | D        | Reached skill level 10 in Dodging
   727 | D        | Reached skill level 11 in Stealth
   727 | D        | Reached XP level 7. HP: 32/32 MP: 16/20
   734 | D        | Found an iron altar of Okawaru.
   734 | D        | Found a bloodstained altar of Trog.
   734 | D        | Noticed a human
   734 | D        | Noticed a human
   737 | D        | Killed a human
   743 | D        | Killed a human
   743 | D        | Reached XP level 8. HP: 30/36 MP: 10/21
   760 | D        | Learned a level 6 spell: Bolt of Cold
   765 | D        | Killed a yaktaur
   813 | D        | Found a snail-covered altar of Cheibriados.
   813 | D        | Noticed a necrophage
   814 | D        | Found a basalt altar of Yredelemnul.
   814 | D        | Found a blossoming altar of Fedhas.
   814 | D        | Noticed a necromancer
   815 | D        | Killed a necrophage
   815 | D        | Acquired Dithmenos's first power
   816 | D        | Killed a necromancer
   832 | D        | Noticed a two-headed ogre
   832 | D        | Noticed a two-headed ogre
   836 | D        | Killed a two-headed ogre
   836 | D        | Reached skill level 12 in Stealth
   838 | D        | Killed a two-headed ogre
   841 | D        | Noticed a two-headed ogre
   842 | D        | Killed a two-headed ogre
   842 | D        | Acquired Dithmenos's second power
   848 | D        | Noticed a hill giant
   851 | D        | Killed a hill giant
   857 | D        | Noticed a hill giant
   857 | D        | Noticed Erolcha
   859 | D        | Killed Erolcha
   859 | D        | Reached skill level 13 in Stealth
   859 | D        | Reached skill level 10 in Spellcasting
   859 | D        | Reached XP level 9. HP: 39/39 MP: 22/24
   860 | D        | Killed a hill giant
   873 | D        | Noticed a redback
   877 | D        | Killed a redback
   907 | D        | Noticed a trapdoor spider
   910 | D        | Killed a trapdoor spider
   910 | D        | Acquired Dithmenos's third power
   916 | D        | Noticed a trapdoor spider
   918 | D        | Killed a trapdoor spider
   918 | D        | Reached skill level 5 in Ice Magic
   969 | D        | Learned a level 6 spell: Ozocubu's Refrigeration
   969 | D        | Noticed a killer bee
   969 | D        | Noticed a killer bee
   969 | D        | Noticed a killer bee
   969 | D        | Noticed a killer bee
   969 | D        | Noticed a killer bee
   969 | D        | Noticed a killer bee
   969 | D        | Noticed a killer bee
   969 | D        | Noticed a killer bee
   969 | D        | Noticed a killer bee
   969 | D        | Noticed a queen bee
   969 | D        | Noticed a killer bee
   969 | D        | Noticed a killer bee
   969 | D        | Noticed a killer bee
   969 | D        | Noticed a killer bee
   969 | D        | Noticed a killer bee
   970 | D        | Noticed a killer bee
   970 | D        | Noticed a killer bee
   970 | D        | Noticed a killer bee
   970 | D        | Noticed a killer bee
   970 | D        | Noticed a killer bee
   970 | D        | Noticed a killer bee
   970 | D        | Noticed a killer bee
   970 | D        | Noticed a killer bee
   970 | D        | Noticed a killer bee
   970 | D        | Noticed a killer bee
   970 | D        | Noticed a killer bee
   970 | D        | Noticed a killer bee
   970 | D        | Noticed a killer bee
   970 | D        | Noticed a killer bee
   970 | D        | Noticed a killer bee
   970 | D        | Noticed a killer bee
   970 | D        | Noticed a killer bee
   970 | D        | Noticed a killer bee
   973 | D        | Killed a killer bee
   973 | D        | Reached skill level 14 in Stealth
   975 | D        | Killed a killer bee
   975 | D        | Reached skill level 10 in Short Blades
   977 | D        | Killed a killer bee
   980 | D        | Killed a killer bee
   984 | D        | Killed a killer bee
   984 | D        | Acquired Dithmenos's fourth power
   988 | D        | Killed a killer bee
   990 | D        | Killed a killer bee
   992 | D        | Killed a killer bee
   995 | D        | Killed a killer bee
  1143 | D        | Killed a killer bee
  1146 | D        | Killed a killer bee
  1148 | D        | Killed a killer bee
  1150 | D        | Killed a killer bee
  1154 | D        | Killed a killer bee
  1156 | D        | Killed a killer bee
  1159 | D        | Killed a killer bee
  1161 | D        | Killed a killer bee
  1163 | D        | Killed a killer bee
  1165 | D        | Killed a killer bee
  1324 | D        | Killed a killer bee
  1330 | D        | Killed a killer bee
  1332 | D        | Killed a killer bee
  1334 | D        | Killed a killer bee
  1336 | D        | Killed a killer bee
  1338 | D        | Killed a killer bee
  1340 | D        | Killed a killer bee
  1342 | D        | Killed a killer bee
  1344 | D        | Killed a killer bee
  1344 | D        | Reached XP level 10. HP: 23/44 MP: 1/26
  1538 | D        | Killed a killer bee
  1543 | D        | Killed a killer bee
  1546 | D        | Killed a queen bee
  1546 | D        | Reached skill level 5 in Armour
  1548 | D        | Killed a killer bee
  1552 | D        | Killed a killer bee
  1686 | D        | Noticed a wandering mushroom
  1687 | D        | Noticed a wandering mushroom
  1687 | D        | Noticed a wandering mushroom
  1690 | D        | Killed a wandering mushroom
  1690 | D        | Reached skill level 15 in Stealth
  1696 | D        | Killed a wandering mushroom
  1702 | D        | Killed a wandering mushroom
  1822 | D        | Noticed a spiny frog
  1822 | D        | Noticed a komodo dragon
  1822 | D        | Noticed a spiny frog
  1825 | D        | Killed a spiny frog
  1825 | D        | Reached skill level 5 in Conjurations
  1827 | D        | Killed a spiny frog
  1828 | D        | Killed a komodo dragon
  1830 | D        | Noticed a redback
  1832 | D        | Killed a redback
  1833 | D        | Noticed a brain worm
  1836 | D        | Killed a brain worm
  1839 | D        | Noticed a brain worm
  1842 | D        | Killed a brain worm
  1847 | D        | Noticed a lindwurm
  1849 | D        | Noticed a redback
  1850 | D        | Killed a lindwurm
  1850 | D        | Reached skill level 15 in Dodging
  1850 | D        | Reached skill level 16 in Stealth
  1852 | D        | Killed a redback
  1943 | D        | Learned a level 3 spell: Mephitic Cloud
  2012 | D        | Noticed a redback
  2013 | D        | Killed a redback
  2013 | D        | Reached skill level 10 in Hexes
  2014 | D        | Noticed Maud
  2016 | D        | Killed Maud
  2016 | D        | Reached skill level 1 in Air Magic
  2016 | D        | Reached skill level 1 in Poison Magic
  2016 | D        | Reached XP level 11. HP: 47/47 MP: 27/29
  2026 | D        | Noticed an electric eel
  2027 | D        | Noticed a six-headed hydra
  2027 | D        | Noticed a six-headed hydra
  2030 | D        | Killed an electric eel
  2045 | D        | Killed a six-headed hydra
  2049 | D        | Noticed a death drake
  2062 | D        | Killed a six-headed hydra
  2062 | D        | Reached skill level 17 in Stealth
  2070 | D        | Killed a death drake
  2196 | D        | Found a blossoming altar of Fedhas.
  2196 | D        | Noticed a spriggan
  2196 | D        | Noticed a spriggan druid
  2196 | D        | Noticed a spriggan
  2198 | D        | Killed a spriggan druid
  2199 | D        | Killed a spriggan
  2200 | D        | Killed a spriggan
  2220 | D        | Noticed a black mamba
  2220 | D        | Noticed an anaconda
  2220 | D        | Noticed a water moccasin
  2220 | D        | Noticed an anaconda
  2222 | D        | Killed a black mamba
  2272 | D        | Slain by an anaconda

Vault maps used:
D:        dungeon_sprint_mu

Action                   |  1- 3 |  4- 6 |  7- 9 | 10-12 || total
-------------------------+-------+-------+-------+-------++-------
Melee: Dagger            |    17 |     9 |    69 |    30 ||   125
 Cast: Ensorcelled Hiber |     5 |     1 |    45 |    11 ||    62
       Confuse           |     1 |       |       |       ||     1
       Dazzling Spray    |       |     6 |     1 |    15 ||    22
Invok: Shadow Step       |       |       |     3 |     4 ||     7
  Use: Potion            |       |     3 |       |     4 ||     7
       Scroll            |       |     3 |       |     1 ||     4
 Stab: Sleeping          |     5 |     6 |    40 |    23 ||    74
       Confused          |     1 |       |       |       ||     1
       Invisible         |       |       |     1 |     1 ||     2
